 Dungeon Crawl Stone Soup version 0.27.0-1-g7a089689b8 (webtiles) character file.

Game seed: 10975363993684145360

310 H0rd4k the Insei (level 6, -5/35 (38) HPs)
             Began as an Octopode Transmuter on Aug 3, 2021.
             Slain by Edmund (15 damage)
             ... on level 4 of the Dungeon.
             The game lasted 00:03:48 (4522 turns).

H0rd4k the Insei (Octopode Transmuter)              Turns: 4522, Time: 00:03:49

HP:   -5/35 (38)    AC:  2    Str:  9    XL:     6   Next: 41%
MP:   7/10          EV: 20    Int: 18    God:
Gold: 166           SH:  0    Dex: 17    Spells: 6/10 levels left

rFire    . . .     SeeInvis .     - Unarmed
rCold    . . .     Faith    .   (shield currently unavailable)
rNeg     . . .     Spirit   .   (helmet currently unavailable)
rPois    x         Reflect  .   (no amulet)
rElec    .         Harm     .   (no ring)
rCorr    .         Rampage  .   (no ring)
Will     .....                  (no ring)
Stlth    ++........             (no ring)
HPRegen  0.11/turn              (no ring)
MPRegen  0.12/turn              (no ring)
                                (no ring)
                                (no ring)

@: spider-form, drained
A: venomous fangs, almost no armour, (amphibious), 8 rings, tiny, (camouflage
1), (gelatinous body 1), (nimble swimmer 1), (tentacles)
a: End Transformation


You were on level 4 of the Dungeon.
You were a venomous arachnid creature.
You visited 1 branch of the dungeon, and saw 4 of its levels.

You collected 166 gold pieces.

Inventory:

Missiles
 c - 12 poisoned darts
Scrolls
 a - a scroll of torment {unknown}
 d - a scroll of identify {unknown}
 e - 2 scrolls of fog {unknown}
 h - 2 scrolls of immolation {unknown}
Potions
 b - a potion of attraction {unknown}
 f - a potion of lignification {unknown}
 g - a potion of curing {unknown}
 i - a potion of mutation {unknown}
 j - a potion of haste {unknown}


   Skills:
 + Level 1.3 Fighting
 + Level 3.0 Dodging
 - Level 0.2 Stealth
 + Level 5.1 Unarmed Combat
 * Level 2.9 Spellcasting
 * Level 2.9 Transmutations
 - Level 2.0 Poison Magic


You had 6 spell levels left.
You knew the following spells:

 Your Spells              Type           Power      Damage    Failure   Level
a - Beastly Appendage     Tmut           26%        N/A       14%         1
b - Spider Form           Tmut/Pois      5%         N/A       38%         3

Your spell library contained the following spells:

 Spells                   Type           Power      Damage    Failure   Level
 Wereblood                Tmut           13%        N/A       21%         2
 Animate Skeleton         Necr           4%         N/A       36%         1
 Pain                     Necr           8%         1d4       36%         1
 Poisonous Vapours        Pois/Air       12%        N/A       36%         2
 Corpse Rot               Necr/Air       N/A        N/A       47%         2
 Vampiric Draining        Necr           1%         2d6       67%         3
 Ice Form                 Ice/Tmut       7%         N/A       83%         4
 Freezing Cloud           Conj/Ice/Air   1%         6-21      100%        5


Dungeon Overview and Level Annotations

Branches:
Dungeon (4/15)
 Temple: D:4-7

Altars:
Ru
Xom
The Shining One

Shops:
D:2 *

Annotations:
D:4 Edmund, Grinder


Innate Abilities, Weirdness & Mutations

You are a venomous arachnid creature.
You have poisonous fangs.
You are tiny and dextrous.
Your spellcasting is less reliable in this form.
Your armour is entirely melded.
You are incapable of wielding weapons or throwing items.
You cannot wear most types of armour.
((You are amphibious.))
You can wear up to eight rings at the same time.
((Your skin changes colour to match your surroundings (Stealth+).))
((Your rubbery body absorbs attacks. (AC +1, EV +1)))
((You are camouflaged near water. (Stealth+)))
((You have tentacles for arms and can constrict up to eight enemies at once.))


Message History

You bludgeon the centaur skeleton!
You destroy the centaur skeleton!
Found 27 stones.
You now have 159 gold pieces (gained 12).
Found 15 stones.
Grinder comes into view.
Grinder is nearby!
Grinder is nearby!
Press: ? - help, v - describe, . - travel
Here: Grinder (asleep)
The floor.
Placed new exclusion.
Unknown command.
j - a viscous orange potion
Found 12 stones.
Found a glowing golden altar of the Shining One.
Found 24 stones.
Found a stone staircase leading up.
You now have 166 gold pieces (gained 7).
Edmund the Younger comes into view.
He is wielding a +2 dire flail of draining and wearing a +3 leather armour of fire resistance.
Edmund is nearby!
Edmund is nearby!
Found 12 gold pieces.
Casting: Spider Form (quite dangerous; 19% risk of failure)
Confirm with . or Enter, or press ? or * to list all spells.
The spell is quite dangerous to cast (19% risk of failure)!
Continue anyway?
You turn into a venomous arachnid creature.
The helpless Edmund fails to defend himself.
You hit Edmund but do no damage.
Edmund is poisoned.
Edmund hits you with a +2 dire flail of draining!
You feel drained.
You hit Edmund but do no damage.
Edmund looks as sick as possible!
Edmund is lightly wounded.
Edmund hits you with a +2 dire flail of draining!
You feel drained.
* * * LOW HITPOINT WARNING * * *
You completely miss Edmund.
Edmund is lightly wounded.
Edmund hits you with a +2 dire flail of draining!
You die...

.......#
#...........#....
.###..#.#................
..............##(.......
..$#...........#.###...#
...............##.......
..................≈.8.≈.
..................≈...≈.
...........#..###.≈≈.≈≈.
#..@s..##......≈≈.≈≈.
##......#...<..≈≈.≈≈.
##............≈≈_≈≈.
#....#........≈≈≈≈≈.
#...##.........≈≈≈..
#..####...##........ ###
#..#.........##
##...........##
#....###.....#


You could see Edmund (extremely poisoned).

Vanquished Creatures
  An ogre (D:4)
  A jelly (D:3)
  A centaur skeleton (D:4)
  2 orc priests (D:3)
  4 adders (D:3)
  2 dart slugs
  8 orcs (D:3)
  6 ball pythons
  7 endoplasms
  3 giant cockroaches
  3 hobgoblins
  5 jackals
  3 quokkas
  5 bats
  3 frilled lizards
  4 goblins
  4 kobolds
  3 rats
65 creatures vanquished.

Vanquished Creatures (others)
  6 plants (D:3)
6 creatures vanquished.

Grand Total: 71 creatures vanquished

Notes
Turn   | Place    | Note
-------+----------+-------------------------------------------
     0 | D:1      | H0rd4k the Octopode Transmuter began the quest for the Orb.
     0 | D:1      | Reached XP level 1. HP: 13/13 MP: 3/3
   120 | D:1      | Reached XP level 2. HP: 10/18 MP: 5/5
   797 | D:1      | Found a faded altar of an unknown god.
   964 | D:2      | Found Aceunlec's Assorted Antiques.
  1047 | D:2      | Reached XP level 3. HP: 23/23 MP: 6/6
  1051 | D:2      | Learned a level 3 spell: Spider Form
  1216 | D:2      | Reached skill level 4 in Unarmed Combat
  1846 | D:3      | Reached XP level 4. HP: 10/28 MP: 4/7
  2069 | D:3      | Found a shimmering altar of Xom.
  2146 | D:3      | Reached skill level 1 in Poison Magic
  2443 | D:3      | HP: 1/28 [orc (2)]
  2825 | D:3      | Reached XP level 5. HP: 25/33 MP: 8/8
  4182 | D:4      | Noticed an ogre
  4210 | D:4      | Killed an ogre
  4211 | D:4      | Reached skill level 5 in Unarmed Combat
  4211 | D:4      | Reached XP level 6. HP: 14/38 MP: 7/10
  4409 | D:4      | Found a sacrificial altar of Ru.
  4452 | D:4      | Noticed Grinder
  4484 | D:4      | Found a glowing golden altar of the Shining One.
  4515 | D:4      | Noticed Edmund
  4522 | D:4      | Slain by Edmund

Illustrated notes

Levels and vault maps discovered:
D:1:      dpeg_arrival_radiant, layout_rooms, hellmonk_ecumenical_altar_zigzags,
          minmay_unequal
D:2:      layout_rooms, serial_shops, nicolae_shop_overgrown_old_shop
D:3:      layout_loops_corners, xom_teletrap_fun, st_stairs_4,
          serial_bayou_pond_a, grunt_ministairs_12, saegor_snake_ambush
D:4:      layout_cave_pools, mainiacjoe_overflow_catwalk,
          mainiacjoe_overflow_boulevard, uniq_grinder, uniq_edmund

Skill      XL: |  1  2  3  4  5 |
---------------+----------------+-----
Unarmed Combat | 4 5 |  5.1
Poison Magic   | 1 2 |  2.0
Dodging        | 3 |  3.0
Fighting       | |  1.3
Stealth        | |  0.2
Spellcasting   | |  2.9
Transmutations | |  2.9

Action                   |  1- 3 |  4- 6 || total
-------------------------+-------+-------++-------
Melee: Unarmed           |    80 |   102 ||   182
       Tentacles         |    13 |     9 ||    22
       Constrict         |    16 |    14 ||    30
       Punch             |     4 |     2 ||     6
 Cast: Spider Form       |     1 |     6 ||     7
 Stab: Sleeping          |     1 |     4 ||     5
       Distracted        |       |     1 ||     1
Armor: Skin              |     9 |     8 ||    17
Dodge: Dodged            |    53 |    70 ||   123
